| TOP OF THE 1ST |
|
New York Mets batting - Pitching for Miami Marlins : RHP Mike Torres
|
|
Pitching: RHP Mike Torres
|
|
|
Batting: LHB Kevin Bellman
|
0-0: Foul Ball, location: 2F 0-1: Fly out, F8 (Flyball, 8RM, EV 90.0 MPH)
|
|
Batting: LHB Chris Ringwood
|
0-0: Called Strike 0-1: Foul Ball, location: 2F 0-2: Foul Ball, location: 2F 0-2: Ball 1-2: Strikes out swinging
|
|
Batting: SHB Sean Cook
|
0-0: Ball 1-0: Ball 2-0: Ball 3-0: Base on Balls
|
|
Batting: RHB Jeff Jank
|
0-0: Ball Sean Cook steals 2nd base 1-0: Called Strike 1-1: Ball 2-1: Ball 3-1: Ground out 1-3 (Groundball, 13S, EV 65.6 MPH)
|
| Top of the 1st over - 0 runs, 0 hits, 0 errors, 1 left on base; New York 0 - Miami 0 |
| BOTTOM OF THE 1ST |
|
Miami Marlins batting - Pitching for New York Mets : LHP Ryan Price
|
|
Pitching: LHP Ryan Price
|
|
|
Batting: RHB Roger Salazar
|
0-0: Ball 1-0: Foul Ball, location: 2F 1-1: Foul Ball, location: 2F 1-2: Ball 2-2: Fly out, F9 (Line Drive, 89M, EV 91.2 MPH)
|
|
Batting: RHB Bert Clark
|
0-0: Called Strike 0-1: Ball 1-1: Foul Ball, location: 2F 1-2: Ball 2-2: Ball 3-2: Foul Ball, location: 2F 3-2: Base on Balls
|
|
Batting: LHB Andre Gorter
|
0-0: Foul Ball, location: 2F 0-1: Foul Ball, location: 2F 0-2: Foul Ball, location: 2F 0-2: Strikes out swinging
|
|
Batting: LHB Adam Durgin
|
0-0: Called Strike 0-1: Ball 1-1: Called Strike 1-2: Fly out, F8 (Line Drive, 89M, EV 105.6 MPH)
|
| Bottom of the 1st over - 0 runs, 0 hits, 0 errors, 1 left on base; New York 0 - Miami 0 |
| TOP OF THE 2ND |
|
New York Mets batting - Pitching for Miami Marlins : RHP Mike Torres
|
|
Batting: RHB Josh Jones
|
0-0: Hit by Pitch
|
|
Batting: RHB Drtian Thaqi
|
0-0: Ball 1-0: Called Strike Josh Jones steals 2nd base 1-1: Ball 2-1: Foul Ball, location: 2F 2-2: Foul Ball, location: 2F 2-2: Strikes out swinging
|
|
Batting: RHB Finn Ross
|
0-0: Foul Ball, location: 2F 0-1: Ground out 6-3 (Groundball, 6, EV 86.2 MPH) Josh Jones to third
|
|
Batting: SHB Jason Larson
|
0-0: Called Strike 0-1: Foul Ball, location: 2F 0-2: Ball 1-2: Ground out U3 (Groundball, 3, EV 108.1 MPH)
|
| Top of the 2nd over - 0 runs, 0 hits, 0 errors, 1 left on base; New York 0 - Miami 0 |
| BOTTOM OF THE 2ND |
|
Miami Marlins batting - Pitching for New York Mets : LHP Ryan Price
|
|
Batting: RHB Jimmy Groseclose
|
0-0: Ball 1-0: Called Strike 1-1: Foul Ball, location: 2F 1-2: Strikes out swinging
|
|
Batting: RHB Mike Gar
|
0-0: Foul Ball, location: 2F 0-1: Ball 1-1: Swinging Strike 1-2: Foul Ball, location: 2F 1-2: Ground out 5-3 (Groundball, 56, EV 93.1 MPH)
|
|
Batting: RHB Willie Chavez
|
0-0: Called Strike 0-1: Called Strike 0-2: Foul Ball, location: 2F 0-2: Ball 1-2: Ground out 6-3 (Groundball, 6, EV 81.2 MPH)
|
| Bottom of the 2nd over - 0 runs, 0 hits, 0 errors, 0 left on base; New York 0 - Miami 0 |
| TOP OF THE 3RD |
|
New York Mets batting - Pitching for Miami Marlins : RHP Mike Torres
|
|
Batting: LHB Fabiano Perrolas
|
0-0: Ball 1-0: Called Strike 1-1: Ball 2-1: Ground out 4-3 (Groundball, 34, EV 85.0 MPH)
|
|
Batting: LHB Kevin Bellman
|
0-0: Ball 1-0: Swinging Strike 1-1: Foul Ball, location: 2F 1-2: Ball 2-2: Ball 3-2: Base on Balls
|
|
Batting: LHB Chris Ringwood
|
0-0: Fielders Choice at 2nd, 5-4 (Groundball, 5, EV 83.1 MPH)
|
|
Batting: SHB Sean Cook
|
0-0: Called Strike 0-1: Ball 1-1: Ball 2-1: Ball 3-1: Foul Ball, location: 2F 3-2: Foul Ball, location: 2F 3-2: Base on Balls Chris Ringwood to second
|
|
Batting: RHB Jeff Jank
|
0-0: Foul Ball, location: 2F 0-1: Called Strike 0-2: Ball 1-2: Ball 2-2: Ball 3-2: Base on Balls Chris Ringwood to third Sean Cook to second
|
|
Batting: RHB Josh Jones
|
0-0: Ground out 1-3 (Groundball, 13S, EV 76.9 MPH)
|
| Top of the 3rd over - 0 runs, 0 hits, 0 errors, 3 left on base; New York 0 - Miami 0 |
| BOTTOM OF THE 3RD |
|
Miami Marlins batting - Pitching for New York Mets : LHP Ryan Price
|
|
Batting: RHB Alberto Cotto
|
0-0: Ball 1-0: Ball 2-0: Called Strike 2-1: Foul Ball, location: 2F 2-2: Ball 3-2: Base on Balls
|
|
Batting: SHB Jordan Barragan
|
0-0: Ball 1-0: Called Strike 1-1: Swinging Strike 1-2: Strikes out swinging
|
|
Batting: RHB Roger Salazar
|
0-0: Ball 1-0: Ball Wild Pitch! Alberto Cotto to second 2-0: Called Strike 2-1: Ball 3-1: Fly out, F9 (Line Drive, 9S, EV 90.0 MPH)
|
|
Batting: RHB Bert Clark
|
0-0: Ball 1-0: Called Strike 1-1: Ball 2-1: Foul Ball, location: 2F 2-2: Strikes out swinging
|
| Bottom of the 3rd over - 0 runs, 0 hits, 0 errors, 1 left on base; New York 0 - Miami 0 |
| TOP OF THE 4TH |
|
New York Mets batting - Pitching for Miami Marlins : RHP Mike Torres
|
|
Batting: RHB Drtian Thaqi
|
0-0: Called Strike 0-1: Fly out, F8 (Flyball, 89XD, EV 104.4 MPH)
|
|
Batting: RHB Finn Ross
|
0-0: Foul Ball, location: 2F 0-1: Ball 1-1: Foul Ball, location: 2F 1-2: Strikes out swinging
|
|
Batting: SHB Jason Larson
|
0-0: Ball 1-0: Swinging Strike 1-1: Ball 2-1: Swinging Strike 2-2: Ball 3-2: Strikes out looking
|
| Top of the 4th over - 0 runs, 0 hits, 0 errors, 0 left on base; New York 0 - Miami 0 |
| BOTTOM OF THE 4TH |
|
Miami Marlins batting - Pitching for New York Mets : LHP Ryan Price
|
|
Batting: LHB Andre Gorter
|
0-0: Ground out 5-3 (Groundball, 56S, EV 70.6 MPH)
|
|
Batting: LHB Adam Durgin
|
0-0: SINGLE (Line Drive, 78M, EV 92.5 MPH)
|
|
Batting: RHB Jimmy Groseclose
|
0-0: Ball 1-0: Ball 2-0: Foul Ball, location: 2F 2-1: Ball 3-1: Foul Ball, location: 2F 3-2: Foul Ball, location: 2F 3-2: SINGLE (Flyball, 78S, EV 88.8 MPH) Adam Durgin to second
|
|
Batting: RHB Mike Gar
|
0-0: Ball 1-0: Ball Passed Ball! Adam Durgin to third Jimmy Groseclose to second 2-0: Ball 3-0: Called Strike 3-1: Base on Balls
|
|
Batting: RHB Willie Chavez
|
0-0: Called Strike 0-1: Foul Ball, location: 2F 0-2: Ball 1-2: Foul Ball, location: 2F 1-2: Foul Ball, location: 2F 1-2: GRAND SLAM HOME RUN (Flyball, 78XD, EV 111.2 MPH), Distance : 441 ft
|
|
Batting: RHB Alberto Cotto
|
0-0: Called Strike 0-1: Ball 1-1: Called Strike 1-2: Strikes out swinging
|
|
Batting: SHB Jordan Barragan
|
0-0: Ball 1-0: Foul Ball, location: 2F 1-1: Swinging Strike 1-2: Ball 2-2: Ground out 6-3 (Groundball, 56, EV 87.5 MPH)
|
| Bottom of the 4th over - 4 runs, 3 hits, 0 errors, 0 left on base; New York 0 - Miami 4 |
| TOP OF THE 5TH |
|
New York Mets batting - Pitching for Miami Marlins : RHP Mike Torres
|
|
Now at 1B: Eric Bailey
|
|
|
Now at 2B: Adam McGurn
|
|
|
Batting: LHB Fabiano Perrolas
|
0-0: Swinging Strike 0-1: Ball 1-1: Ball 2-1: Fly out, F8 (Flyball, 8LS, EV 91.2 MPH)
|
|
Batting: LHB Kevin Bellman
|
0-0: Ball 1-0: Ball 2-0: Ball 3-0: Called Strike 3-1: Base on Balls
|
|
Pinch Hitting: RHB Antonio Aranda
|
0-0: Foul Ball, location: 2F 0-1: Foul Ball, location: 2F 0-2: Ball 1-2: Ball 2-2: Foul Ball, location: 2F 2-2: Foul Ball, location: 2F 2-2: Foul Ball, location: 2F 2-2: Strikes out swinging
|
|
Batting: SHB Sean Cook
|
0-0: Ball 1-0: Ball 2-0: SINGLE (Groundball, 4MD, EV 100.6 MPH) Kevin Bellman to second Runner from 2nd tries for 3rd, SAFE, throw by CF made to third
|
|
Batting: RHB Jeff Jank
|
0-0: Swinging Strike 0-1: Fly out, F3 (Popup, 34S, EV 80.0 MPH)
|
| Top of the 5th over - 0 runs, 1 hit, 0 errors, 2 left on base; New York 0 - Miami 4 |
| BOTTOM OF THE 5TH |
|
Miami Marlins batting - Pitching for New York Mets : LHP Ryan Price
|
|
Pitching: RHP Alastair Henry
|
|
|
Now at 1B: Billy Walker
|
|
|
Now at 2B: Luke Robbins
|
|
|
Now at 3B: Roberto Magne
|
|
|
Now in LF: Finn Ross
|
|
|
Now in CF: Antonio Aranda
|
|
|
Pinch Hitting: RHB Steve Barnard
|
0-0: Swinging Strike 0-1: Ball 1-1: Ball 2-1: Foul Ball, location: 2F 2-2: Ground out 4-3 (Groundball, 4, EV 85.0 MPH)
|
|
Batting: RHB Bert Clark
|
0-0: Called Strike 0-1: Ball 1-1: Called Strike 1-2: Ball 2-2: Ball 3-2: Foul Ball, location: 2F 3-2: Foul Ball, location: 2F 3-2: Base on Balls
|
|
Batting: LHB Andre Gorter
|
0-0: Called Strike 0-1: Ball 1-1: Called Strike Bert Clark steals 2nd base 1-2: Ball 2-2: Foul Ball, location: 2F 2-2: Ground out 6-3 (Groundball, 6M, EV 99.4 MPH) Bert Clark to third
|
|
Batting: RHB Matt Thompson
|
0-0: SINGLE (Groundball, 56D, EV 82.5 MPH) (infield hit) Bert Clark scores
|
|
Batting: RHB Jimmy Groseclose
|
0-0: Ball 1-0: Ball Wild Pitch! Matt Thompson to second 2-0: Ball 3-0: Called Strike 3-1: Base on Balls
|
|
Batting: RHB Adam McGurn
|
0-0: Ball 1-0: Called Strike 1-1: Ball 2-1: Ball 3-1: Base on Balls Matt Thompson to third Jimmy Groseclose to second
|
|
Batting: LHB Eric Bailey
|
0-0: Called Strike 0-1: Ball 1-1: Ball 2-1: Foul Ball, location: 2F 2-2: Strikes out looking
|
| Bottom of the 5th over - 1 run, 1 hit, 0 errors, 3 left on base; New York 0 - Miami 5 |
| TOP OF THE 6TH |
|
New York Mets batting - Pitching for Miami Marlins : RHP Mike Torres
|
|
Pitching: RHP Chris Nickerson
|
|
|
Now at 3B: Steve Barnard
|
|
|
Now at SS: Alberto Cotto
|
|
|
Batting: SHB Roberto Magne
|
0-0: Ball 1-0: Called Strike 1-1: Ball 2-1: Foul Ball, location: 2F 2-2: Strikes out swinging passed ball, reaches first!
|
|
Batting: RHB Billy Walker
|
0-0: Swinging Strike 0-1: Ball Roberto Magne is caught stealing 2nd base 2-4 1-1: Ball 2-1: Fly out, F8 (Flyball, 78XD, EV 93.8 MPH)
|
|
Batting: RHB Finn Ross
|
0-0: Called Strike 0-1: Ball 1-1: Foul Ball, location: 2F 1-2: Ball 2-2: Fly out, F8 (Flyball, 8RD, EV 90.0 MPH)
|
| Top of the 6th over - 0 runs, 0 hits, 0 errors, 0 left on base; New York 0 - Miami 5 |
| BOTTOM OF THE 6TH |
|
Miami Marlins batting - Pitching for New York Mets : RHP Alastair Henry
|
|
Now at C: Mike Phillips
|
|
|
Batting: RHB Alberto Cotto
|
0-0: Ground out 6-3 (Groundball, 6, EV 94.4 MPH)
|
|
Batting: SHB Jordan Barragan
|
0-0: Called Strike 0-1: Ball 1-1: SINGLE (Groundball, 6MD, EV 95.0 MPH)
|
|
Batting: RHB Steve Barnard
|
0-0: Ball 1-0: Called Strike 1-1: Ball 2-1: Called Strike 2-2: Ball 3-2: Ground out 5-3 (Groundball, 5, EV 86.9 MPH) Jordan Barragan to second
|
|
Pitching: RHP Robbie Beerbower
|
|
|
Batting: RHB Bert Clark
|
0-0: Ball 1-0: Called Strike 1-1: Ball 2-1: Ground out 4-3 (Groundball, 4, EV 80.0 MPH)
|
| Bottom of the 6th over - 0 runs, 1 hit, 0 errors, 1 left on base; New York 0 - Miami 5 |
| TOP OF THE 7TH |
|
New York Mets batting - Pitching for Miami Marlins : RHP Chris Nickerson
|
|
Pinch Hitting: SHB Nelle van den Berg
|
0-0: Ball 1-0: Ball 2-0: Ball 3-0: Called Strike 3-1: Base on Balls
|
|
Batting: RHB Mike Phillips
|
0-0: Called Strike 0-1: Ball Nelle van den Berg is caught stealing 2nd base 2-4 1-1: Foul Ball, location: 2F 1-2: Foul Ball, location: 2F 1-2: Foul Ball, location: 2F 1-2: DOUBLE (Line Drive, 5D, EV 111.9 MPH)
|
|
Batting: SHB Luke Robbins
|
0-0: Ball 1-0: Ground out 6-3 (Groundball, 6, EV 90.6 MPH) Mike Phillips to third
|
|
Batting: RHB Antonio Aranda
|
0-0: Ball 1-0: Ball 2-0: Called Strike 2-1: Swinging Strike 2-2: Strikes out looking
|
| Top of the 7th over - 0 runs, 1 hit, 0 errors, 1 left on base; New York 0 - Miami 5 |
| BOTTOM OF THE 7TH |
|
Miami Marlins batting - Pitching for New York Mets : RHP Robbie Beerbower
|
|
Now at SS: Nelle van den Berg
|
|
|
Batting: LHB Andre Gorter
|
0-0: SOLO HOME RUN (Flyball, 8LXD, EV 111.9 MPH), Distance : 462 ft
|
|
Batting: RHB Matt Thompson
|
0-0: Called Strike 0-1: Ball 1-1: Fly out, F8 (Flyball, 8RXD, EV 91.2 MPH)
|
|
Batting: RHB Jimmy Groseclose
|
0-0: Swinging Strike 0-1: Ball 1-1: Ground out 1-3 (Groundball, 15S, EV 68.1 MPH)
|
|
Batting: RHB Adam McGurn
|
0-0: Called Strike 0-1: Foul Ball, location: 2F 0-2: Strikes out swinging
|
| Bottom of the 7th over - 1 run, 1 hit, 0 errors, 0 left on base; New York 0 - Miami 6 |
| TOP OF THE 8TH |
|
New York Mets batting - Pitching for Miami Marlins : RHP Chris Nickerson
|
|
Batting: SHB Sean Cook
|
0-0: Foul Ball, location: 2F 0-1: Ball 1-1: Foul Ball, location: 2F 1-2: Ball 2-2: TRIPLE (Flyball, 9D, EV 89.4 MPH)
|
|
Batting: RHB Jordan Fairburn
|
0-0: Ball 1-0: Ball 2-0: Ball 3-0: Base on Balls
|
|
Pitching: RHP Adam Thomas
|
|
|
Batting: SHB Roberto Magne
|
0-0: Ball 1-0: Foul Ball, location: 2F 1-1: Ball 2-1: Ball Pickoff Throw to First - Out! 1-3 3-1: Called Strike 3-2: Base on Balls
|
|
Batting: RHB Billy Walker
|
0-0: Ball 1-0: Swinging Strike 1-1: Fielders Choice at 2nd, 6-4 (Groundball, 56, EV 100.0 MPH) Sean Cook scores
|
|
Batting: RHB Finn Ross
|
0-0: Fly out, F9 (Flyball, 9S, EV 83.8 MPH)
|
| Top of the 8th over - 1 run, 1 hit, 0 errors, 1 left on base; New York 1 - Miami 6 |
| BOTTOM OF THE 8TH |
|
Miami Marlins batting - Pitching for New York Mets : RHP Robbie Beerbower
|
|
Pitching: RHP Casey Cuomo
|
|
|
Batting: LHB Eric Bailey
|
0-0: Called Strike 0-1: Ground out 4-3 (Groundball, 4, EV 76.9 MPH)
|
|
Batting: RHB Alberto Cotto
|
0-0: Called Strike 0-1: Ball 1-1: Ball 2-1: SOLO HOME RUN (Flyball, 7D, EV 104.4 MPH), Distance : 409 ft
|
|
Batting: SHB Jordan Barragan
|
0-0: Ball 1-0: Swinging Strike 1-1: Swinging Strike 1-2: Foul Ball, location: 2F 1-2: Foul Ball, location: 2F 1-2: Ground out 6-3 (Groundball, 6, EV 83.1 MPH)
|
|
Batting: RHB Steve Barnard
|
0-0: Ball 1-0: Ball 2-0: Called Strike 2-1: Foul Ball, location: 2F 2-2: Foul Ball, location: 2F 2-2: Ground out 2-3 (Groundball, 2R, EV 68.8 MPH)
|
| Bottom of the 8th over - 1 run, 1 hit, 0 errors, 0 left on base; New York 1 - Miami 7 |
| TOP OF THE 9TH |
|
New York Mets batting - Pitching for Miami Marlins : RHP Adam Thomas
|
|
Pitching: RHP Chris Funderburg
|
|
|
Batting: SHB Nelle van den Berg
|
0-0: Swinging Strike 0-1: Swinging Strike 0-2: SINGLE (Popup, 13S, EV 85.0 MPH)
|
|
Batting: RHB Mike Phillips
|
0-0: Called Strike 0-1: Reached on error, E1 (Groundball, 15, EV 73.8 MPH) Nelle van den Berg to second
|
|
Batting: SHB Luke Robbins
|
0-0: Foul Ball, location: 2F 0-1: Fielders Choice at 2nd, 3-6 (Groundball, 13, EV 91.9 MPH) Nelle van den Berg to third
|
|
Batting: RHB Antonio Aranda
|
0-0: Ball 1-0: Ball 2-0: Swinging Strike 2-1: Ball 3-1: Base on Balls Luke Robbins to second
|
|
Batting: SHB Sean Cook
|
0-0: Foul Ball, location: 2F 0-1: Ball 1-1: Ball 2-1: Swinging Strike 2-2: Strikes out swinging
|
|
Batting: RHB Jordan Fairburn
|
0-0: Ball 1-0: Called Strike 1-1: Foul Ball, location: 2F 1-2: Strikes out swinging
|
| Top of the 9th over - 0 runs, 1 hit, 1 error, 3 left on base; New York 1 - Miami 7 |
|